AoeStats
← nonoleboss

Black Forest

507993787Analyzed
4v4 RM · 12d ago on Sep 20, 2026· 23m 14s· 8 players
Game mode
Random Map
Map size
Large (8 player)
Population
200
Speed
Normal
Resources
Standard
Victory
Conquest
Starting age
Dark Age
Ending age
Imperial Age
RankedLock teamsTeams togetherTeam positionsShared explorationLock speedFull tech treeHidden civsTurbo modeCheats
Victory
Defeat
🇫🇷 Jurchens · France
1277
+14
🇹🇷 Japanese · Türkiye
1224
+16
🇪🇸 Italians · Spain
1190
+18
🇧🇷 Goths · Brazil
1189
+18
🇹🇼 Malay · Taiwan
1264
-18
🇨🇳 Bohemians · China
1239
-17
🇨🇳 Khmer · China
1211
-16
🇨🇳 Hindustanis · China
1201
-15
安安您好
0:26 Loom
12:00 Feudal Age
11:57 Double-Bit Axe
14:45 Fletching
17:57 Fishing Lines
成全
11:21 Feudal Age
11:46 Double-Bit Axe
14:17 Fishing Lines
22:11 Castle Age
惢丶利安
1:25 Loom
12:10 Feudal Age
15:47 Castle Age
14:20 Double-Bit Axe
16:19 Bloodlines
21:40 Forging
21:43 Husbandry
22:47 Bow Saw
Wolong Qi
0:35 Loom
17:59 Feudal Age
22:29 Castle Age
20:22 Double-Bit Axe
20:21 Horse Collar
ChiMi..ChiMi
0:46 Loom
17:58 Feudal Age
21:07 Double-Bit Axe
25:19 Castle Age
23:13 Stone Mining
23:28 Fishing Lines
nonoleboss
11:29 Feudal Age
16:51 Castle Age
16:06 Bloodlines
16:35 Scale Barding Armor
16:48 Double-Bit Axe
K
1:44 Loom
10:16 Feudal Age
16:29 Castle Age
14:35 Double-Bit Axe
15:17 Fletching
17:47 Crossbowman
21:00 Sanctity
twelve
0:26 Loom
9:51 Feudal Age
9:56 Man-at-Arms
10:48 Double-Bit Axe
13:41 Town Watch
13:52 Arson
14:09 Fletching
14:38 Padded Archer Armor
16:35 Forging
20:33 Gold Mining
23:50 Castle Age
Connection lost

Rejoining the realm…

Still unreachable

The connection could not be restored.

Session expired

The server has moved on; the page needs a fresh start.